Map: Nuevo Williamsburgo

Players

Shadowphobia - Winner!

  • Race: Protoss Protoss
  • Spawn Location: 6:00

xXkazperXx - Winner!

  • Race: Zerg Zerg
  • Spawn Location: 9:00

Omnyx - Winner!

  • Race: Terran Terran
  • Spawn Location: 0:00

RANURA DE IA (Fácil)

  • Race: Zerg Zerg
  • Spawn Location: 12:00

RANURA DE IA (Fácil)

  • Race: Zerg Zerg
  • Spawn Location: 0:00

RANURA DE IA (Fácil)

  • Race: Zerg Zerg
  • Spawn Location: 3:00

VOD

Have the link to the VOD?

Description

Time

  • Played on: Dec. 23, 2015, 11:51 p.m.
  • Length: 17:52
Show
View Real Time Build Order
Export as new Build Order

Shadowphobia Protoss - Winner!

Build Orders:  

Get SALT Encoding   

  12  0:03  Probe (Chrono Boost)  
  13  0:21  Pylon  
  13  0:23  Assimilator  
  13  0:41  Assimilator  
  13  0:46  Pylon  
  13  0:54  Gateway  
  13  0:57  Probe (Chrono Boost)  
  14  1:08  Probe (Chrono Boost)  
  16  1:18  Probe (Chrono Boost)  
  16  1:29  Probe (Chrono Boost)  
  17  1:39  Probe (Chrono Boost)  
  18  1:43  Gateway  
  18  1:50  Probe (Chrono Boost)  
  19  2:00  Probe (Chrono Boost)  
  20  2:05  Gateway  
  20  2:10  Gateway  
  20  2:19  Pylon  
  20  2:33  Probe (Chrono Boost)  
  21  2:43  Probe (Chrono Boost)  
  22  2:45  Pylon  
  22  2:50  Pylon  
  22  2:58  Pylon  
  22  3:09  Forge  
  22  3:12  Cybernetics Core  
  22  3:21  Zealot  
  22  3:26  Zealot  
  26  3:40  Zealot  
  26  3:41  Zealot  
  30  3:49  Warp Gate (Chrono Boost)  
  30  3:56  Mothership Core  
  32  4:03  Stalker  
  32  4:04  Stalker  
  36  4:25  Gateway  
  36  4:28  Gateway  
  36  4:47  Protoss Shields Level 1 (Chrono Boost)  
  36  5:51  Stalker x2  
  36  5:52  Stalker x2  
  36  5:53  Stalker x2  
  48  6:29  Twilight Council  
  46  6:34  Protoss Ground Armor Level 1 (Chrono Boost)  
  46  7:01  Probe  
  46  7:04  Nexus  
  46  7:07  Assimilator  
  47  7:08  Blink  
  47  7:12  Assimilator  
  47  7:18  Stalker  
  47  7:19  Stalker x2  
  47  7:20  Stalker x2  
  57  7:25  Stalker  
  59  7:53  Stalker x2  
  63  8:06  Pylon  
  63  8:09  Pylon  
  63  8:13  Pylon  
  63  8:14  Protoss Ground Weapons Level 1 (Chrono Boost)  
  63  8:18  Pylon  
  63  8:21  Pylon  
  63  8:27  Pylon  
  63  8:35  Pylon  
  64  8:54  Stalker  
  66  9:03  Probe  
  66  9:04  Stalker  
  68  9:14  Probe  
  69  9:24  Probe  
  70  9:35  Probe  
  71  9:45  Probe  
  72  9:56  Probe  
  73  10:06  Stalker x2, Probe  
  77  10:07  Stalker x2  
  77  10:08  Stalker  
  77  10:13  Stalker  
  86  10:17  Probe  
  87  10:28  Probe  
  88  10:38  Probe  
  87  10:49  Probe  
  86  10:59  Probe  
  87  11:10  Probe  
  88  11:20  Stalker  
  88  11:21  Stalker x3  
  88  11:22  Stalker  
  88  11:23  Stalker  
  100  11:41  Protoss Shields Level 2 (Chrono Boost)  
  100  12:06  Probe  
  101  12:24  Nexus  
  101  12:29  Assimilator  
  101  12:34  Assimilator  
  101  12:38  Pylon  
  101  12:40  Pylon  
  101  12:45  Pylon  
  101  13:04  Nexus  
  101  13:13  Pylon  
  101  13:18  Pylon  
  101  13:22  Assimilator  
  101  13:26  Assimilator  
  101  13:32  Stalker x3  
  101  13:33  Stalker x2  
  101  13:34  Stalker  
  113  13:39  Protoss Ground Armor Level 2 (Chrono Boost)  
  113  13:42  Probe  
  115  14:14  Probe  
  115  14:25  Stalker x2, Probe  
  115  14:26  Stalker x2  
  115  14:27  Stalker x2  
  126  15:23  Probe  
  126  15:28  Probe  
  127  15:34  Probe  
  126  15:37  Protoss Ground Weapons Level 2 (Chrono Boost)  
  126  15:38  Probe  
  128  15:45  Probe  
  128  15:49  Probe  
  127  15:55  Probe  
  129  16:06  Probe  
Show
View Real Time Build Order
Export as new Build Order

xXkazperXx Zerg - Winner!

Build Orders: Pool First 

Get SALT Encoding   

  12  0:10  Drone x2  
  14  0:33  Overlord  
  14  0:34  Overlord  
  14  0:58  Spawning Pool  
  14  0:59  Drone x3  
  16  1:15  Drone  
  17  1:22  Extractor  
  16  1:27  Drone  
  17  1:44  Queen  
  19  1:51  Drone x2  
  21  2:06  Extractor  
  20  2:10  Zergling x4  
  22  2:25  Zergling x2  
  23  2:35  Drone  
  24  3:06  Zergling x6  
  27  3:25  Roach Warren  
  26  3:43  Zergling x8  
  26  3:46  Overlord  
  30  4:04  Lair  
  29  4:40  Roach x3  
  35  5:01  Roach  
  37  5:14  Overlord x2  
  33  6:06  Zergling x4  
  33  6:07  Zergling x8  
  34  6:26  Drone x3  
  29  6:34  Hydralisk Den  
  28  7:02  Hatchery  
  27  7:12  Hydralisk x3  
  33  7:18  Muscular Augments  
  33  7:20  Glial Reconstitution  
  33  7:22  Metabolic Boost  
  33  7:37  Drone x4  
  37  8:06  Hatchery  
  37  8:09  Roach x4  
  37  8:10  Roach  
  46  8:15  Hatchery  
  45  8:39  Spire  
  44  8:44  Lurker Den  
  44  8:46  Tunneling Claws  
  44  8:53  Burrow  
  44  8:58  Drone x6  
  50  9:04  Drone  
  50  9:05  Drone x2  
  50  9:07  Queen  
  55  9:25  Roach x2  
  55  9:28  Roach  
  55  9:29  Roach  
  63  9:38  Drone x2  
  64  9:42  Drone x2  
  67  9:50  Hydralisk x2  
  71  9:59  Drone  
  72  10:02  Overlord x2  
  72  10:09  Overlord  
  72  10:10  Overlord  
  72  10:13  Overlord x2  
  72  10:21  Queen  
  72  10:25  Queen  
  72  11:31  Drone x3  
  75  11:34  Drone x3  
  78  11:41  Hydralisk x7  
  78  11:46  Roach x2  
  100  11:47  Roach x3  
  102  12:01  Zergling x4  
  102  12:02  Zergling x6  
  102  12:05  Zergling x10  
  112  12:49  Zergling x10  
  112  12:50  Zergling x2  
  118  12:57  Overlord x6  
  118  13:03  Drone  
  102  15:44  Zergling x4  
  102  15:45  Zergling x8  
  102  15:48  Roach x4  
  102  15:49  Roach x2  
  120  15:53  Roach x7  
  120  15:54  Roach  
  136  15:58  Hydralisk x3  
  136  15:59  Hydralisk x6  
Show
View Real Time Build Order
Export as new Build Order

Omnyx Terran - Winner!

Build Orders:  

Get SALT Encoding   

  12  0:11  Refinery  
  12  0:12  SCV  
  13  0:22  Refinery  
  13  0:33  Supply Depot  
  13  0:36  SCV  
  14  0:49  SCV  
  15  1:01  SCV  
  15  1:02  Supply Depot  
  16  1:13  SCV  
  18  1:25  SCV  
  18  1:37  SCV  
  19  1:41  Supply Depot  
  19  1:49  SCV  
  20  2:02  SCV  
  21  2:12  Barracks  
  21  2:14  SCV  
  22  2:22  Barracks  
  22  2:26  SCV  
  22  2:27  Supply Depot  
  23  2:44  SCV  
  24  2:55  Supply Depot  
  24  2:57  SCV  
  25  3:06  Barracks Tech Lab  
  25  3:09  SCV  
  26  3:18  Factory  
  26  3:21  SCV  
  27  3:33  SCV, Supply Depot  
  28  3:34  Supply Depot  
  28  3:37  Barracks Reactor  
  28  3:54  Barracks  
  28  4:04  Supply Depot  
  28  4:08  Supply Depot  
  28  4:21  Factory Tech Lab  
  28  4:34  Starport  
  28  5:02  Supply Depot  
  28  5:05  Supply Depot, Command Center  
  28  5:14  Barracks  
  28  5:15  Barracks Tech Lab  
  28  5:29  Marauder  
  28  5:35  Marine x2  
  32  5:47  Marauder  
  34  5:50  Marauder  
  34  5:52  Marine  
  34  5:53  Marine  
  38  6:07  Supply Depot  
  38  6:08  Marauder  
  38  6:10  Marine x2  
  42  6:12  Marauder, Supply Depot  
  44  6:26  Barracks Reactor  
  44  6:28  Marine x2  
  44  6:30  Marauder  
  48  6:33  Marauder, SCV, Refinery  
  51  6:44  Refinery  
  51  6:45  SCV  
  52  6:54  Marauder, Starport Reactor  
  52  6:57  SCV  
  55  7:04  Supply Depot  
  55  7:07  Supply Depot  
  55  7:10  SCV  
  56  7:22  SCV  
  57  7:25  Starport  
  57  7:37  Supply Depot  
  57  7:40  Supply Depot  
  58  8:06  Marauder  
  58  8:07  Bunker  
  58  8:08  Marine x2  
  62  8:18  SCV  
  62  8:26  Marine x2  
  64  8:28  Marauder  
  64  8:30  SCV  
  67  8:39  Bunker  
  67  8:43  SCV  
  67  8:44  Marine  
  69  8:49  Marauder  
  69  8:55  SCV  
  72  9:07  SCV  
  73  9:11  Marauder  
  73  9:12  Starport Tech Lab  
  75  9:19  SCV  
  77  9:31  SCV  
  77  9:32  Marauder  
  79  10:06  Supply Depot  
  79  10:10  Supply Depot  
  79  10:45  Liberator  
  88  11:14  Marine x2  
  88  11:17  Marauder  
  92  11:26  Marine  
  92  11:27  Liberator, Marine  
  92  11:28  Medivac x2  
  92  11:32  Marine x2  
  96  11:33  Marauder  
  96  11:39  Marauder  
  98  11:44  Marine x2  
  103  11:49  Marine x2  
  107  11:54  Marauder  
  107  11:58  Medivac x2  
  117  12:10  Liberator  
  119  12:16  Marauder  
  119  12:17  Command Center  
  119  12:23  Marine  
  119  12:24  Marine  
  119  12:28  Medivac x2  
  119  12:29  Marine x2  
  126  12:33  Command Center  
  128  12:37  Marauder  
  128  12:40  Supply Depot  
  128  12:41  Marine x2  
  128  12:42  Command Center  
  128  12:43  Marauder  
  130  12:53  Liberator  
  130  12:55  Supply Depot  
  130  12:58  Medivac x2, Marauder  
  134  13:04  Marauder  
  141  13:25  Marauder  
  141  13:26  Marauder  
  145  13:28  Medivac x2  
  149  13:34  SCV  
  149  13:36  Liberator  
  150  13:46  SCV  
  150  13:47  Marauder  
  156  13:58  Medivac x2, SCV, Refinery  
  156  13:59  SCV  
  162  14:08  Marauder  
  162  14:09  Refinery  
  164  14:11  SCV  
  164  14:14  Refinery  
  165  14:19  Liberator  
  165  14:21  Refinery  
  165  14:23  SCV  
  166  14:28  Medivac x2  
  176  14:51  Marauder  
  176  14:56  SCV  
  176  15:00  Supply Depot  
  176  15:02  Liberator  
  176  15:09  SCV, Refinery  
  176  15:12  Medivac  
  176  15:13  Medivac  
  181  15:20  Marauder  
  186  15:39  SCV  
  186  15:42  Medivac, Marauder  
  189  15:43  Medivac  
  189  15:44  Liberator  
  194  16:03  Marauder  
  199  16:12  SCV  
  199  16:24  SCV  
Show
View Real Time Build Order
Export as new Build Order

RANURA DE IA (Fácil) Zerg 

Build Orders: Pool First 

Get SALT Encoding   

  12  0:01  Drone  
  13  0:12  Overlord  
  13  0:17  Drone  
  14  0:30  Drone  
  14  0:34  Drone  
  16  0:42  Spawning Pool  
  15  0:45  Drone  
  15  0:49  Extractor  
  15  0:51  Drone  
  16  0:59  Overlord  
  16  1:31  Zergling x2, Queen  
  19  1:33  Roach Warren  
  19  1:35  Extractor  
  19  1:36  Drone  
  19  1:37  Zergling x2  
  19  1:42  Drone  
  20  1:52  Zergling x2  
  21  2:03  Zergling x2  
  22  2:14  Zergling x2  
  23  2:25  Zergling x2  
  24  2:35  Overlord  
  24  2:38  Zergling x2  
  24  2:39  Drone  
  26  2:45  Zergling x2  
  26  2:47  Drone  
  28  2:57  Drone  
  29  3:08  Drone  
  31  3:12  Drone  
  31  3:13  Overlord  
  31  3:17  Drone  
  32  5:32  Roach  
  32  5:33  Drone  
  32  5:34  Overlord, Lair  
  35  5:37  Drone  
  36  5:49  Hatchery, Drone  
  36  5:51  Roach  
  36  5:54  Drone  
  36  5:55  Overlord  
  39  5:58  Drone  
  40  6:09  Roach  
  37  6:26  Roach  
  36  6:34  Overseer x2  
  36  6:36  Hydralisk Den  
  35  6:44  Zergling x2  
  36  7:02  Drone  
  36  7:05  Hydralisk  
  36  7:07  Drone  
  40  7:11  Drone  
  41  7:15  Drone  
  41  7:18  Extractor  
  41  7:20  Extractor, Drone  
  41  7:23  Hydralisk  
  41  7:24  Drone  
  41  7:28  Drone  
  45  7:33  Drone  
  46  7:37  Drone  
  46  7:42  Drone  
  48  7:46  Drone  
  48  7:50  Drone  
  50  7:54  Drone  
  51  7:59  Drone  
  51  8:03  Drone  
  53  8:07  Drone  
  53  8:12  Drone  
  55  8:16  Drone  
  56  8:20  Drone  
  56  8:25  Drone  
  58  8:29  Drone  
  58  8:34  Drone  
  60  8:35  Overlord  
  60  8:38  Drone  
  61  8:42  Drone  
  61  8:47  Drone  
  63  8:51  Drone  
  63  8:54  Overlord, Overseer  
  64  10:06  Pneumatized Carapace  
  64  10:07  Overseer  
  64  10:08  Evolution Chamber  
  64  10:11  Infestation Pit  
  62  10:38  Overlord  
  62  10:39  Zerg Melee Weapons Level 1  
  62  10:49  Infestor  
  64  11:02  Zergling x2  
  64  11:03  Overseer  
  52  11:13  Hydralisk  
  52  11:17  Overlord  
  52  11:18  Hatchery  
  53  11:26  Roach  
  55  11:38  Roach  
  57  11:51  Roach  
  59  12:03  Roach  
  61  12:14  Hydralisk  
  63  12:31  Drone  
  63  12:33  Zerg Missile Weapons Level 1  
  63  12:35  Drone  
  65  12:40  Drone  
  66  12:44  Drone  
  67  12:51  Extractor  
  67  12:53  Drone  
  67  12:55  Extractor  
  67  12:58  Drone  
  67  14:01  Hive  
  67  14:02  Hydralisk  
  65  14:04  Drone, Spire  
  65  14:05  Overlord  
  65  14:09  Drone  
  67  14:13  Drone  
  67  14:16  Hydralisk  
  67  14:18  Drone  
  67  14:22  Drone  
  71  14:25  Overlord  
  71  14:32  Zergling x2  
  71  14:35  Overseer  
  61  14:42  Drone  
  52  14:46  Roach  
  52  14:47  Drone  
  52  14:52  Drone  
  51  14:57  Drone  
  38  15:00  Hydralisk  
  38  15:02  Drone  
  38  15:06  Drone  
  37  15:11  Queen, Drone  
  35  15:15  Zergling x2, Drone  
  35  15:20  Drone  
  38  15:24  Drone  
  39  15:28  Drone  
  39  15:30  Zergling x2  
  39  15:33  Drone  
  39  15:37  Drone  
  39  15:42  Overlord, Drone  
  41  15:43  Overseer  
  41  15:45  Roach  
  41  15:48  Hydralisk Den  
  42  15:50  Drone  
  42  16:00  Mutalisk  
  42  16:01  Overlord  
  44  16:10  Overlord  
  34  16:20  Overlord  
  34  16:23  Overlord, Hatchery  
  33  16:43  Overlord  
  33  16:52  Extractor  
  32  16:56  Spawning Pool  
  29  17:02  Overlord, Evolution Chamber, Drone  
  29  17:06  Drone  
  30  17:10  Drone  
  30  17:15  Drone  
  32  17:20  Drone  
  33  17:23  Extractor  
  33  17:24  Drone  
  33  17:28  Overlord, Drone  
  30  17:33  Drone  
Show
View Real Time Build Order
Export as new Build Order

RANURA DE IA (Fácil) Zerg 

Build Orders: Pool First 

Get SALT Encoding   

  12  0:01  Drone  
  13  0:12  Overlord  
  13  0:17  Drone  
  14  0:30  Drone  
  14  0:34  Drone  
  16  0:43  Spawning Pool  
  16  0:44  Extractor  
  16  0:47  Drone  
  15  0:51  Drone  
  16  0:58  Overlord  
  16  1:31  Zergling x2, Queen  
  19  1:33  Roach Warren  
  19  1:34  Extractor  
  19  1:37  Drone  
  18  1:41  Drone  
  18  1:44  Zergling x2  
  20  2:04  Overlord  
  20  2:12  Roach  
  22  2:18  Drone  
  23  2:24  Drone  
  24  2:35  Drone  
  25  2:38  Roach  
  25  2:39  Drone  
  25  2:44  Drone  
  29  2:48  Drone  
  30  2:57  Overlord  
  30  3:09  Roach  
  32  5:27  Drone  
  32  5:28  Lair  
  33  5:29  Zergling x2, Overlord  
  33  5:32  Drone  
  35  5:36  Drone  
  35  5:41  Zergling x2  
  37  6:00  Hatchery  
  37  6:01  Drone  
  37  6:27  Zergling x2  
  37  6:28  Overseer, Spire  
  37  6:29  Overseer  
  37  6:30  Drone  
  31  6:40  Zergling x2  
  31  7:13  Drone  
  32  7:17  Drone  
  32  7:21  Drone  
  34  7:26  Drone  
  35  7:30  Drone  
  35  7:34  Extractor x2  
  35  7:35  Drone  
  35  7:39  Mutalisk, Drone  
  35  7:43  Drone  
  39  7:48  Drone  
  40  7:51  Mutalisk  
  40  7:52  Drone  
  40  7:56  Drone  
  44  8:00  Drone  
  44  8:04  Mutalisk  
  44  8:05  Drone  
  48  8:09  Drone  
  49  8:13  Drone  
  49  8:18  Drone  
  51  8:22  Drone  
  51  8:26  Drone  
  53  8:28  Overlord  
  53  8:31  Drone  
  54  8:35  Drone  
  54  8:39  Drone  
  56  8:43  Drone  
  57  9:43  Roach, Overlord  
  57  9:44  Pneumatized Carapace  
  57  9:45  Overseer  
  59  9:47  Evolution Chamber  
  58  9:58  Roach  
  60  10:01  Overlord, Infestation Pit  
  59  10:15  Roach  
  59  10:17  Zerg Melee Weapons Level 1  
  61  10:30  Roach  
  53  10:45  Infestor  
  55  11:00  Infestor  
  57  11:15  Zergling x2  
  58  11:30  Infestor  
  60  11:39  Hatchery  
  59  11:45  Infestor  
  61  12:12  Zerg Missile Weapons Level 1  
  61  12:54  Drone  
  61  12:58  Drone  
  63  13:02  Drone  
  64  13:07  Drone  
  64  13:11  Drone  
  66  13:15  Extractor  
  66  13:16  Drone  
  66  13:17  Extractor  
  65  13:20  Drone  
  65  13:25  Drone  
  67  13:29  Drone  
  69  13:34  Drone  
  69  14:02  Drone  
  69  14:08  Zergling x2  
  70  14:10  Drone  
  70  14:15  Drone  
  67  14:20  Drone  
  67  14:22  Zergling x2  
  55  14:24  Drone  
  55  14:25  Overlord  
  55  14:29  Drone  
  57  14:32  Hydralisk Den  
  57  14:33  Drone  
  57  14:37  Roach  
  57  14:38  Drone  
  60  14:42  Drone  
  60  14:47  Drone  
  60  14:51  Mutalisk  
  60  14:52  Drone  
  64  14:57  Drone  
  65  15:02  Drone  
  65  15:03  Hydralisk  
  65  15:06  Drone  
  68  15:09  Hydralisk  
  68  15:11  Drone  
  69  15:16  Hydralisk  
  69  15:20  Queen  
  64  15:23  Hatchery, Hydralisk  
  64  15:24  Drone  
  50  15:30  Roach  
  50  15:33  Overlord  
  50  15:37  Roach  
  50  15:39  Overseer  
  52  15:46  Extractor  
  52  15:49  Overlord x2  
  43  16:03  Overlord  
  41  16:06  Evolution Chamber  
  40  16:18  Overlord  
  35  16:34  Spawning Pool  
  35  16:35  Hydralisk  
  35  16:37  Overlord  
  36  16:47  Spawning Pool  
  32  16:56  Overlord  
  32  17:14  Overlord  
  30  17:22  Evolution Chamber  
Show
View Real Time Build Order
Export as new Build Order

RANURA DE IA (Fácil) Zerg 

Build Orders: Pool First 

Get SALT Encoding   

  12  0:01  Drone  
  13  0:12  Overlord  
  13  0:16  Drone  
  14  0:30  Drone  
  14  0:34  Drone  
  16  0:42  Spawning Pool  
  16  0:45  Drone  
  16  0:48  Extractor  
  15  0:50  Drone  
  16  0:57  Overlord  
  16  1:30  Zergling x2, Queen  
  16  1:32  Roach Warren  
  18  1:33  Extractor  
  18  1:34  Drone  
  18  1:40  Drone  
  18  1:42  Zergling x2  
  20  2:02  Overlord  
  20  2:12  Roach  
  20  2:15  Drone  
  23  2:23  Drone  
  24  2:34  Drone  
  25  2:37  Roach  
  25  2:39  Drone  
  25  2:43  Drone  
  29  2:47  Drone  
  30  2:56  Overlord  
  30  3:08  Roach  
  32  5:14  Lair  
  32  5:15  Roach, Overlord, Drone  
  32  5:19  Drone  
  36  5:23  Drone  
  36  5:28  Drone  
  38  5:31  Hatchery  
  38  5:32  Drone  
  37  5:50  Zergling x2  
  37  6:13  Overseer x2  
  37  6:15  Hydralisk Den  
  36  6:31  Roach  
  32  6:44  Drone  
  33  6:48  Roach  
  33  6:49  Drone  
  33  6:53  Drone  
  37  6:58  Drone  
  37  6:59  Extractor  
  37  7:01  Extractor  
  37  7:02  Drone  
  37  7:05  Roach  
  37  7:07  Drone  
  40  7:11  Drone  
  41  7:15  Drone  
  41  7:20  Drone  
  41  7:22  Hydralisk  
  43  7:24  Drone  
  43  7:29  Drone  
  47  7:33  Drone  
  48  7:37  Drone  
  48  7:39  Hydralisk  
  48  7:42  Drone  
  52  7:46  Drone  
  52  7:47  Overlord  
  52  7:50  Drone  
  54  7:55  Drone  
  55  7:59  Drone  
  55  8:03  Drone  
  57  8:07  Drone  
  57  8:12  Drone  
  59  8:13  Overlord  
  59  8:14  Overseer  
  59  8:32  Drone  
  59  8:33  Overlord  
  60  8:36  Drone  
  60  8:40  Drone  
  62  9:38  Pneumatized Carapace  
  62  9:39  Overseer  
  62  9:41  Overlord  
  62  9:42  Infestation Pit  
  62  9:44  Evolution Chamber  
  62  9:45  Drone  
  61  9:47  Spire  
  61  9:49  Drone  
  61  10:10  Zerg Melee Weapons Level 1  
  61  10:21  Overlord  
  61  10:23  Hive  
  61  10:39  Zergling x2  
  55  10:45  Overseer  
  55  10:46  Overseer  
  55  10:48  Overlord  
  49  10:58  Hatchery  
  49  11:01  Corruptor  
  50  11:34  Greater Spire  
  50  12:05  Zerg Ground Armor Level 1  
  50  12:11  Drone  
  51  12:16  Drone  
  51  12:20  Drone  
  53  12:25  Drone  
  53  12:29  Drone  
  55  12:31  Extractor  
  55  12:32  Extractor  
  55  12:33  Drone  
  54  12:38  Drone  
  55  12:45  Corruptor  
  55  12:46  Brood Lord  
  59  13:17  Corruptor  
  59  13:18  Brood Lord  
  63  13:39  Hydralisk  
  65  13:41  Ultralisk Cavern  
  65  13:42  Zerg Flyer Weapons Level 1, Overlord  
  65  13:43  Drone  
  65  13:54  Hydralisk  
  67  13:58  Zerg Melee Weapons Level 2  
  67  14:25  Zergling x2  
  67  14:34  Overlord  
  57  14:38  Overlord  
  55  14:58  Overlord  
  55  14:59  Overseer  
  53  15:04  Ultralisk  
  58  15:16  Overlord, Queen  
  58  15:19  Overseer  
  58  15:28  Overlord  
  58  15:38  Overlord  
  58  15:39  Overlord x2  
  58  15:44  Overlord  
  51  16:02  Zergling x2, Overlord  
  52  16:06  Overlord  
  52  16:17  Spire  
  52  16:18  Overlord  
  51  16:24  Overlord  
  50  16:27  Overlord  
  50  16:32  Overlord  
  48  16:44  Overlord  
  48  16:45  Overlord  
  42  16:48  Overlord  
  35  16:56  Spawning Pool  
  33  17:06  Overlord  
Tags
 
Add a new tag
Caveats
  • Supply blocks, unpowered buildings, or Contaminate may cause inaccurate times.
  • Supply counts are checked every 10 seconds.